 Dungeon Crawl Stone Soup version 0.27.1-34-g3ba077fa99 (webtiles) character file.

Game seed: 13031309698250732765

192 comborobin the Covert (level 5, -1/41 HPs)
             Began as a Vampire Delver on Jan 8, 2022.
             Slain by an orc (2 damage)
             ... on level 5 of the Dungeon.
             The game lasted 00:03:20 (581 turns).

comborobin the Covert (Vampire Delver)               Turns: 581, Time: 00:03:21

Health: -1/41      AC:  7    Str: 12    XL:     5   Next: 42%
Magic:  5/5        EV: 12    Int: 12    God:
Gold:   33         SH:  5    Dex: 16    Spells: 4/4 levels left

rFire    . . .     SeeInvis +     - Unarmed
rCold    . . .     Faith    .   (no shield)
rNeg     . . .     Spirit   .   h - +0 leather armour
rPois    .         Reflect  +   (no helmet)
rElec    .         Harm     .   (no cloak)
rCorr    .         Rampage  .   (no gloves)
Will     .....                  (no boots)
Stlth    ++++......             g - amulet of reflection
HPRegen  0.33/turn              l - +4 ring of protection
MPRegen  0.09/turn              (no ring)

@: brilliant, healing quickly
A: alive, fangs 3, see invisible, vampiric 2
a: Exsanguinate


You were on level 5 of the Dungeon.
You visited 1 branch of the dungeon, and saw 4 of its levels.

You collected 33 gold pieces.

Inventory:

Hand Weapons
 a - a +0 dagger
 k - a +0 rapier
Armour
 h - a +0 leather armour (worn)
Jewellery
 g - an amulet of reflection (around neck)
 l - a +4 ring of protection (left hand)
Wands
 f - a wand of digging (3)
Scrolls
 b - a scroll of fog
 c - a scroll of teleportation {unknown}
 d - a scroll of fear
 i - a scroll of amnesia {unknown}


   Skills:
 + Level 3.1 Fighting
 + Level 3.8 Short Blades
 + Level 3.0 Dodging
 + Level 8.6 Stealth
 - Level 2.2 Unarmed Combat


You had 4 spell levels left.
You didn't know any spells.
Your spell library was empty.

Dungeon Overview and Level Annotations

Branches:
Dungeon (6/15)             Temple (0/1) D:5

Altars:


Innate Abilities, Weirdness & Mutations

Your natural rate of healing is accelerated.
You have razor-sharp teeth.
You have supernaturally acute eyesight. (SInv)
You are afflicted with vampirism and can become a bat while bloodless.


Message History

The hound skeleton bites you but does no damage.
You block the hornet zombie's attack. The orc hits you but does no damage.
You block the orc's attack. The orc hits you but does no damage.
Unknown command.
You smack the hornet zombie!
The hornet zombie is moderately damaged.
The hound skeleton bites you but does no damage.
The hornet zombie hits you but does no damage.
The orc hits you but does no damage. The orc hits you with a +0 flail!
* * * LOW HITPOINT WARNING * * *
The orc hits you but does no damage. x2
You hit the hornet zombie.
The hornet zombie is heavily damaged.
The hound skeleton completely misses you.
The hornet zombie hits you but does no damage.
You block the orc's attack. The orc hits you but does no damage.
The hound skeleton bites you but does no damage.
You block the orc's attack. The orc hits you but does no damage.
The hornet zombie hits you but does no damage.
You hit the hornet zombie but do no damage.
The hornet zombie is heavily damaged.
The orc hits you with a +1 mace of protection.
* * * LOW HITPOINT WARNING * * *
The hound skeleton bites you but does no damage.
The orc barely misses you.
The hornet zombie hits you but does no damage.
You block the orc's attack. The orc hits you but does no damage.
You barely miss the hornet zombie.
The hornet zombie is heavily damaged.
The hound skeleton bites you but does no damage.
You block the orc's attack.
The hornet zombie hits you but does no damage.
The orc hits you with a +0 flail.
* * * LOW HITPOINT WARNING * * *
You smack the hornet zombie!
The hornet zombie is heavily damaged.
You feel less wooden.
Your +0 leather armour unmelds from your body.
The orc hits you with a +0 hand axe.
You die...

***,*,,........#.#......,,,
*,*,*,**#.#..........?.,,,,
*,*,*,,,..............,,,,,
*,,,*****,#......#.#.#*,*,,
*,*,* ###+#........#.#*,*,,
******,*,* #..............##.#**
*,,,,,,*,* #.......s..........,,
****,*,*,* #..ooZ#......####.***
*,*,*,**#..o@o#....#.####O###
*,*,,,,,+.?..Z#.....<........
*,*,,,**#....................
*,*,,,*............#.####.#.o
*,*,,,#.#.#...#....#.#***,##.
****,*,,..,..............,,,,,..
*,,,,,,,.,.......#.#..#.#***,*#.
*,,,,,,,,#..............#* *,**.
****,***,*,*,*,*.#.#.,#..* *,**.


You could see 4 orcs, a hornet zombie and a hound skeleton.

Vanquished Creatures
  A scorpion (D:5)
  A hound (D:4)
  An orc priest (D:5)
  2 iguanas
  An adder (D:4)
  2 dart slugs (D:4)
  An endoplasm (D:4)
  4 jackals (D:4)
  A ball python (D:4)
  A goblin (D:4)
15 creatures vanquished.

Notes
Turn   | Place    | Note
-------+----------+-------------------------------------------
     0 | D:5      | comborobin the Vampire Delver began the quest for the Orb.
     0 | D:5      | Reached XP level 1. HP: 17/17 MP: 1/1
    24 | D:4      | Noticed an iguana
    52 | D:4      | Noticed a hound
   105 | D:4      | Killed a hound
   106 | D:4      | Reached XP level 2. HP: 23/23 MP: 2/2
   106 | D:4      | Gained mutation: You are afflicted with vampirism and can
                  | become a bat while bloodless. [Vampire growth]
   106 | D:4      | Reached XP level 3. HP: 28/28 MP: 3/3
   469 | D:4      | Reached XP level 4. HP: 29/34 MP: 4/4
   537 | D:5      | Noticed an ogre
   537 | D:5      | Noticed a scorpion
   538 | D:5      | Found a staircase to the Ecumenical Temple.
   565 | D:5      | Reached skill level 8 in Stealth
   567 | D:5      | Killed a scorpion
   568 | D:5      | Reached XP level 5. HP: 32/41 MP: 5/5
   579 | D:5      | HP: 3/61 [orc (4)]
   581 | D:5      | Slain by an orc

Illustrated notes

Levels and vault maps discovered:
D:3:      layout_loops_ring, overflow_temple_1_default, serial_shops,
          nicolae_shop_waterfront, eino_curves_01
D:4:      layout_cave_pools, dk_vineyard_2
D:5:      layout_basic, minmay_temple_entry_proselytizer
D:6:      kennysheep_steamy, layout_basic,
          mainiacjoe_overflow_concentric_impassable, enter_ossuary_2,
          uniq_blork_the_orc

Skill      XL: |  1  2  3  4  5 |
---------------+----------------+-----
Short Blades   | 3 |  3.8
Stealth        | 8 |  8.6
Fighting       | 3 |  3.1
Dodging        | 3 |  3.0
Unarmed Combat | |  2.2

Action                   |  1- 3 |  4- 6 || total
-------------------------+-------+-------++-------
Melee: Unarmed           |    18 |    28 ||    46
       Rapier            |    37 |       ||    37
       Bite              |     6 |       ||     6
       Punch             |       |     1 ||     1
  Use: Potion            |     2 |     5 ||     7
       Scroll            |     1 |       ||     1
Armor: Skin              |     5 |    96 ||   101
       Leather armour    |     7 |       ||     7
Dodge: Dodged            |    29 |    18 ||    47
Block: Other             |     6 |    30 ||    36
